Description

3CC Macro opening into BIO

Replay - 2019-06-23 - (Z)Neuro VS (T)Jason

Build Order

Get SALT Encoding   

  12  0:00  SCV  
  13  0:13  SCV  
  14  0:18  Supply Depot  
  14  0:25  SCV  
  15  0:39  SCV  
  15  0:41  Barracks  
  16  0:45  Refinery  
  16  0:51  SCV  
  17  1:03  SCV  
  18  1:15  SCV  
  19  1:33  Reaper, Orbital Command  
  20  1:43  Command Center  
  20  1:52  Supply Depot  
  20  1:59  SCV  
  21  2:05  Marine  
  22  2:12  SCV  
  22  2:13  Factory  
  23  2:17  Refinery  
  23  2:23  Barracks Reactor  
  23  2:24  SCV  
  26  2:55  Orbital Command  
  26  2:59  Starport  
  27  3:07  Barracks Tech Lab, Hellion x2  
  31  3:19  Supply Depot  
  33  3:28  Hellion x2  
  39  3:45  Banshee, Cloaking Field  
  39  3:46  Barracks Tech Lab  
  44  3:51  Supply Depot  
  46  3:55  Hellion x2  
  50  4:04  Marine  
  50  4:08  Stimpack  
  53  4:18  Supply Depot  
  54  4:32  Factory Reactor, Banshee  
  58  4:42  Command Center  
  59  4:47  Barracks x2  
  59  4:52  Marine  
  64  5:10  Engineering Bay x2  
  64  5:11  Refinery x2  
  66  5:22  Marine  
  69  5:28  Starport Reactor  
  69  5:33  Siege Tank  
  74  5:43  Terran Infantry Weapons Level 1, Terran Infantry Armor Level 1  
  74  5:45  Marine x4  
  78  5:53  Marine  
  82  6:03  Marine  
  83  6:05  Medivac x2  
  83  6:11  Siege Tank  
  94  6:15  Combat Shield  
  95  6:25  Barracks x2  
  96  6:30  Orbital Command  
  103  6:50  Armory  
  103  6:51  Medivac x2  
  109  7:07  Refinery  
  112  7:13  Barracks Reactor x2  
  114  7:20  Refinery  
  119  7:33  Siege Tank  
  115  7:56  Terran Infantry Armor Level 2, Terran Infantry Weapons Level 2  
  124  8:07  Factory  
  124  8:11  Command Center  
  136  8:27  Terran Vehicle Weapons Level 1  
  139  8:47  Siege Tank  
  152  9:07  Factory Tech Lab, Missile Turret x3  
  145  9:22  Missile Turret x2  
  147  9:30  Siege Tank  
  150  9:34  Missile Turret x2  
  153  9:43  Planetary Fortress  
  158  9:50  Medivac x2  
Spawning Tool Build Advisor. Get it on Overwolf

Go to:

Details

  • Created by: bjt
  • Published on: Jul 03, 2019
  • Modified on: Jul 03, 2019
  • Patch: 4.7.1
Show
View Real Time Build Order
Export as new Build Order

Comments (0)

There are no comments. Be the first!

Create an account to comment!